 Dungeon Crawl Stone Soup version 0.30.1 (webtiles) character file.

Game seed: 1961854099322139896

6335 safid the Frost Mage (level 10, -7/85 HPs)
             Began as a Merfolk Ice Elementalist on July 5, 2023.
             Was a Believer of Vehumet.
             Mangled by a two-headed ogre
             ... wielding a +0 giant club
              (22 damage)
             ... on level 9 of the Dungeon.
             The game lasted 00:26:36 (8931 turns).

safid the Frost Mage (Merfolk Ice Elementalist)     Turns: 8931, Time: 00:26:38

Health: -7/85      AC: 12    Str:  9    XL:     10   Next: 96%
Magic:  22/22      EV: 12    Int: 22    God:    Vehumet [**....]
Gold:   298        SH:  0    Dex: 15    Spells: 10/26 levels left

rFire   . . .        A - +5 great sword "Latz" {heavy, Int+4}
rCold   . . .        (shield currently unavailable)
rNeg    + . .        a - +0 robe
rPois   .            (no helmet)
rElec   .            (no cloak)
rCorr   +            (no gloves)
SInv    .            q - +0 pair of boots
Will    .....        D - amulet of regeneration
Stlth   ++           l - ring of positive energy
HPRegen 1.14/turn    r - ring of resist corrosion
MPRegen 0.18/turn

%: no passive effects
@: ice-armoured, freezing walls
A: (nimble swimmer 2), mertail
a: Renounce Religion


You were on level 9 of the Dungeon.
You worshipped Vehumet.
Vehumet was pleased with you.
You visited 2 branches of the dungeon, and saw 10 of its levels.
You also visited: Sewer and Bailey.

You collected 818 gold pieces.
You spent 520 gold pieces at shops.

Inventory:

Hand Weapons
 A - the +5 great sword "Latz" (weapon) {heavy, Int+4}
   (You found it in a sewer)

   Int:       It affects your intelligence (+4).
Armour
 a - a +0 robe (worn)
 q - a +0 pair of boots (worn)
Jewellery
 l - a ring of positive energy (left hand)
 p - a ring of ice
 r - a ring of resist corrosion (right hand)
 D - an amulet of regeneration (around neck)
 G - the ring "Muhis" {Fire *Corrode rPois Will+++ Dex-2}
   (You found it in a bailey)

   [ring of fire]

   It enhances your fire magic.
   Dex:       It affects your dexterity (-2).
   rF:        It protects you from fire.
   rC:        It makes you vulnerable to cold.
   rPois:     It protects you from poison.
   *Corrode:  It may corrode you when you take damage.
   Will:      It greatly increases your willpower.
Wands
 f - a wand of mindburst (5)
 w - a wand of light (6)
 E - a wand of flame (23)
 I - a wand of roots (5)
Scrolls
 c - 5 scrolls of fog
 e - a scroll of magic mapping
 i - 11 scrolls of teleportation
 k - 2 scrolls of blinking
 n - 3 scrolls of butterflies
 s - 3 scrolls of fear
 u - 2 scrolls of enchant weapon {unknown}
 v - 2 scrolls of amnesia
 y - a scroll of enchant armour {unknown}
 z - a scroll of brand weapon {unknown}
 J - a scroll of silence {unknown}
Potions
 b - 2 potions of magic
 d - 2 potions of heal wounds
 g - 2 potions of brilliance
 h - 3 potions of mutation
 j - a potion of attraction {unknown}
 m - 4 potions of curing
 o - a potion of might
 t - a potion of invisibility {unknown}
 x - 2 potions of resistance {unknown}
 B - a potion of ambrosia {unknown}
 C - a potion of flight {unknown}
 F - a potion of cancellation {unknown}
 H - a potion of lignification {unknown}


   Skills:
 + Level 9.9 Fighting
 - Level 2.6 Dodging
 - Level 2.1 Stealth
 + Level 8.6 Spellcasting
 + Level 3.2 Translocations
 + Level 10.8 Ice Magic


You had 10 spell levels left.
You knew the following spells:

 Your Spells              Type           Power      Damage    Failure   Level
a - Freeze                Ice            100%       1d10      1%          1
b - Frozen Ramparts       Ice            100%       1d16      1%          3
c - Ozocubu's Armour      Ice            55%        N/A       1%          3
d - Blink                 Tloc           46%        N/A       2%          2
e - Ozocubu's Refrigerat  Ice            27%        4d13      56%         7

Your spell library contained the following spells:

 Spells                   Type           Power      Damage    Failure   Level
 Static Discharge         Conj/Air       18%        2-3/arc   11%         2
 Lesser Beckoning         Tloc           46%        N/A       2%          2
 Momentum Strike          Conj/Tloc      32%        3d8       5%          2
 Gell's Gravitas          Tloc           23%        N/A       5%          3
 Teleport Other           Tloc           23%        N/A       5%          3
 Kiss of Death            Conj/Necr      36%        2d8       7%          1
 Slow                     Hex            36%        N/A       7%          1
 Summon Ice Beast         Ice/Summ       33%        N/A       8%          4
 Cigotuvi's Dreadful Rot  Necr/Pois/Air  18%        N/A       11%         2
 Metabolic Englaciation   Hex/Ice        16%        N/A       21%         5
 Confusing Touch          Hex            9%         N/A       22%         3
 Summon Guardian Golem    Hex/Summ       9%         N/A       22%         3
 Vampiric Draining        Necr           9%         2d6       22%         3
 Anguish                  Hex/Necr       4%         N/A       56%         4
 Dispel Undead            Necr           9%         3d8       56%         4
 Simulacrum               Ice/Necr       16%        N/A       75%         6
 Silence                  Hex/Air        4%         N/A       89%         5
 Death Channel            Necr           4%         N/A       100%        6


Dungeon Overview and Level Annotations

Branches:
Dungeon (9/15)             Temple (1/1) D:7            Lair (0/5) D:9
  Sewer (visited)          Bailey (visited)
    Orc: D:9-12

Altars:
Cheibriados
Elyvilon
Fedhas
Gozag
Okawaru
Qazlal
Ru
Uskayaw
Vehumet
Wu Jian
Yredelemnul
Zin
The Shining One

Shops:
D:1 *   D:2 (??*   D:7 *

Annotations:
D:3 1 runed translucent door, Crazy Yiuf


Innate Abilities, Weirdness & Mutations

((You are very nimble when in or above water. (Stealth+, EV+, Speed+++)))
Your lower body shifts to a powerful aquatic tail in water.


Message History

* * * LOW HITPOINT WARNING * * *
The wall freezes the orc but does no damage.
The wall freezes Grum!
Grum shouts, "Fluffy!
Good boy!"
Grum closely misses you.
The wall freezes Grum!
You kill Grum!
Vehumet accepts your kill.
You feel your power returning.
The wall freezes the orc warrior.
The orc warrior hits you but does no damage.
The wall freezes the orc but does no damage. x2
The orc hits you but does no damage.
The wall freezes the orc warrior!
You kill the orc warrior!
Vehumet accepts your kill.
The wall freezes the wolf.
Unknown command.
You slice the orc!!
You kill the orc!
Vehumet accepts your kill.
You feel sick.
The wall freezes the wolf. x2; The wolf bites you.
* * * LOW HITPOINT WARNING * * *
The wall freezes the two-headed ogre!
The wall freezes the wolf!
The wolf misses you.
The wall freezes the kobold!
You kill the kobold!
Vehumet accepts your kill.
The wall freezes the two-headed ogre!
Casting: Frozen Ramparts (safe; 1% risk of failure)
Confirm with . or Enter, or press ? or * to list all spells.
Aiming: Freeze (safe; 1% risk of failure)
Press: ? - help, Shift-Dir - straight line, f - two-headed ogre
Aim: a two-headed ogre, wielding a +0 giant club and a +0 giant spiked club (moderately wounded)
You freeze the two-headed ogre.
The two-headed ogre is heavily wounded.
You feel sick.
You are no longer poisoned.
The wall freezes the wolf. x2
You kill the wolf!
Vehumet accepts your kill.
You feel your power returning.
The wall freezes the two-headed ogre!
The two-headed ogre hits you with a +0 giant club!!
You die...

#...##)## #.# #.......
#.....).## #.# #.......
#...###..###.##########.
#.. ##.......... #. #.
##...>..... #. #
#......... #. ######
##........ ..
......########........
........))O@..........
.......$))))..........
........######........
........# #........
........# #########
......... .......##
....... .......


You could see a two-headed ogre.

Vanquished Creatures
  Erica (D:8)
  Joseph (D:9)
  A komodo dragon (D:9)
  A wyvern (D:9)
  Sigmund (D:2)
  Grum (D:9)
  2 basilisks (D:9)
  2 acid dragons
  3 water moccasins
  2 black bears (D:6)
  4 orc warriors
  A sky beast (D:8)
  2 wolves (D:9)
  4 ogres
  A kobold brigand (D:9)
  4 bullfrogs
  2 gnoll sergeants
  8 scorpions
  12 killer bees
  7 howler monkeys
  6 hounds
  5 jellies
  4 orc priests
  A sleepcap (D:4)
  6 iguanas
  6 orc wizards
  13 adders
  10 gnolls
  A shadow imp (D:5)
  An ufetubus (D:4)
  2 worms
  2 dart slugs (D:4)
  27 orcs
  3 bats
  10 endoplasms
  11 giant cockroaches
  15 goblins
  11 hobgoblins
  3 jackals (D:4)
  6 quokkas
  14 ball pythons
  9 frilled lizards
  22 kobolds
  5 rats
253 creatures vanquished.

Notes
Turn   | Place    | Note
-------+----------+-------------------------------------------
     0 | D:1      | safid the Merfolk Ice Elementalist began the quest for the
                  | Orb.
     0 | D:1      | Reached XP level 1. HP: 13/13 MP: 3/3
   294 | D:1      | Found Ijov's General Store.
   303 | D:1      | Reached XP level 2. HP: 20/20 MP: 3/5
   434 | D:1      | Reached skill level 1 in Fighting
   812 | D:2      | Noticed Sigmund
   898 | D:2      | Found Pystat's General Store.
   914 | D:2      | You fall into a shaft and drop 2 floors!
   963 | D:4      | Reached XP level 3. HP: 26/26 MP: 4/6
   967 | D:4      | Learned a level 3 spell: Frozen Ramparts
  1097 | D:4      | Noticed a scorpion
  1112 | D:4      | Killed a scorpion
  1113 | D:4      | Reached skill level 5 in Ice Magic
  1113 | D:4      | Reached XP level 4. HP: 34/34 MP: 0/8
  1126 | D:4      | Learned a level 3 spell: Ozocubu's Armour
  1129 | D:4      | Learned a level 2 spell: Blink
  1279 | D:4      | Reached XP level 5. HP: 34/39 MP: 2/9
  1386 | D:4      | Noticed an ogre
  1635 | D:3      | Identified the +3 robe of Existentialism {Harm}
  2059 | D:3      | Found a runed translucent door.
  2060 | D:3      | Noticed Crazy Yiuf
  2305 | D:2      | Killed Sigmund
  2306 | D:2      | Reached skill level 6 in Ice Magic
  2306 | D:2      | Reached XP level 6. HP: 27/48 MP: 5/11
  2414 | D:2      | Found Pearchoung's Magic Scroll Boutique.
  2419 | D:2      | Bought a scroll of identify for 28 gold pieces
  2419 | D:2      | Bought a scroll of teleportation for 42 gold pieces
  2908 | D:2      | Found Iskiuj Vets's Magic Scroll Boutique.
  3017 | D:2      | Found Zasmahaargh's Antique Weapon Shoppe.
  3176 | D:1      | Bought a scroll of identify for 26 gold pieces
  3176 | D:1      | Bought a scroll of identify for 26 gold pieces
  3267 | D:4      | Reached XP level 7. HP: 54/54 MP: 10/13
  3525 | D:4      | Found an iron altar of Okawaru.
  3742 | D:4      | Reached skill level 5 in Fighting
  3857 | D:5      | Entered Level 5 of the Dungeon
  3877 | D:5      | Reached skill level 7 in Ice Magic
  3904 | D:5      | Reached XP level 8. HP: 62/62 MP: 15/15
  3927 | D:5      | Found a stormy altar of Qazlal.
  3968 | D:5      | Found a glowing drain.
  3980 | D:5      | Reached skill level 5 in Spellcasting
  3985 | Sewer    | Entered a sewer
  4348 | Sewer    | Identified the +5 great sword "Latz" {heavy, Int+4}
  4751 | D:5      | Reached skill level 8 in Ice Magic
  5479 | D:6      | Reached XP level 9. HP: 60/71 MP: 10/18
  5946 | D:6      | Found a glowing silver altar of Zin.
  6314 | D:7      | Reached skill level 9 in Ice Magic
  6431 | D:7      | Found Efejun's Assorted Antiques.
  6596 | D:7      | Found a staircase to the Ecumenical Temple.
  6608 | Temple   | Entered the Ecumenical Temple
  6616 | Temple   | Became a worshipper of Vehumet
  7299 | D:8      | Found a flagged portal.
  7306 | Bailey   | Entered a bailey
  7393 | Bailey   | Reached * piety under Vehumet
  7393 | Bailey   | Offered knowledge of Sandblast by Vehumet.
  7405 | Bailey   | Noticed an orc warlord
  7485 | Bailey   | Found a runed translucent gate.
  7488 | Bailey   | Found a runed translucent gate.
  7489 | Bailey   | Found a runed translucent gate.
  7497 | Bailey   | Reached XP level 10. HP: 65/82 MP: 15/21
  7673 | Bailey   | Acquired the Codex of the Bewitching Blizzard
  7683 | Bailey   | Learned a level 7 spell: Ozocubu's Refrigeration
  7711 | Bailey   | Identified the ring "Muhis" {Fire *Corrode rPois Will+++
                  | Dex-2}
  7729 | D:8      | Acquired 296 gold pieces
  7871 | D:2      | Bought a scroll of fear for 56 gold pieces
  7871 | D:2      | Bought a scroll of identify for 28 gold pieces
  7871 | D:2      | Bought a scroll of teleportation for 42 gold pieces
  7871 | D:2      | Bought a scroll of fear for 56 gold pieces
  7871 | D:2      | Bought a scroll of blinking for 105 gold pieces
  7918 | D:2      | Bought a scroll of teleportation for 39 gold pieces
  8029 | D:7      | Bought a scroll of teleportation for 72 gold pieces
  8282 | D:8      | Noticed Erica
  8295 | D:8      | Killed Erica
  8296 | D:8      | Reached skill level 1 in Translocations
  8296 | D:8      | Reached skill level 10 in Ice Magic
  8660 | D:9      | Offered knowledge of Static Discharge by Vehumet.
  8661 | D:9      | Reached ** piety under Vehumet
  8719 | D:9      | Found a staircase to the Lair.
  8863 | D:9      | Noticed Joseph
  8872 | D:9      | Killed Joseph
  8921 | D:9      | Noticed Grum
  8926 | D:9      | Noticed a two-headed ogre
  8929 | D:9      | Killed Grum
  8931 | D:9      | Mangled by a two-headed ogre

Illustrated notes

Levels and vault maps discovered:
D:1:      wander_arrival_abandoned_jail, layout_basic, serial_shops,
          nicolae_shop_tiny_real_fake_doors
D:2:      layout_loops_corners, serial_shops, nicolae_shop_just_a_little_nook,
          shop, nicolae_shop_stone, shop, nicolae_titane, uniq_sigmund
D:3:      layout_rooms, uniq_crazy_yiuf_cottage
D:4:      layout_cave_pools, okawaru_altar_gauntlet_db, chequers_big_river,
          eino_tiny_chamber
D:5:      cheibrodos_iron_armory, layout_basic, lemuel_tele_altar,
          cheibrodos_sewer_entry_sluice
D:6:      layout_basic, zin_scriptorium
D:7:      layout_loops_ring, minmay_temple_entry_offerings, serial_shops,
          nicolae_shop_advertising_works [nicolae_subvault_shop_adworks],
          kennysheep_decorative_pillar, nrook_loot_triangle, eino_jars
D:8:      layout_rooms, enter_bailey_3, hex_tiny, uniq_erica
D:9:      layout_rooms, erik_lair_dragon, uniq_grum, uniq_joseph
Temple:   compressed_dpeg_triangle_lava_temple

Skill      XL: |  1  2  3  4  5  6  7  8  9 10 |
---------------+-------------------------------+-----
Fighting       | 1 2 3 4 5 6 8 9 |  9.9
Spellcasting   | 3 4 6 7 8 |  8.6
Ice Magic      | 5 6 7 8 9 10 | 10.8
Translocations | 3 |  3.2
Dodging        | |  2.6
Stealth        | |  2.1

Action                     |  1- 3 |  4- 6 |  7- 9 | 10-12 || total
---------------------------+-------+-------+-------+-------++-------
  Melee: Short sword       |    20 |    27 |       |       ||    47
         Club              |     1 |       |       |       ||     1
         Unarmed           |     1 |       |       |       ||     1
         Hand axe          |       |    29 |    21 |       ||    50
         Trident           |       |       |    81 |       ||    81
         Great sword       |       |       |    77 |    37 ||   114
         Tailslap          |       |       |     5 |       ||     5
   Cast: Freeze            |    31 |    46 |    38 |     4 ||   119
         Frozen Ramparts   |     1 |     4 |    35 |    15 ||    55
         Ozocubu's Armour  |       |     2 |    22 |    11 ||    35
         Blink             |       |       |     2 |     1 ||     3
  Evoke: Wand              |       |       |       |     6 ||     6
    Use: Scroll            |       |       |     9 |     6 ||    15
         Potion            |       |       |     3 |     1 ||     4
   Stab: Sleeping          |     2 |     3 |    10 |       ||    15
 Armour: Robe              |     8 |    22 |    69 |    28 ||   127
  Dodge: Dodged            |    30 |    76 |   208 |    41 ||   355
